 Dungeon Crawl Stone Soup version 0.28.0 (webtiles) character file.

Game seed: 14187831379634504171

2 cbfl8 the Sneak (level 1, -2/19 HPs)
             Began as a Minotaur Delver on Feb 9, 2022.
             Slain by a scorpion (7 damage)
             ... on level 5 of the Dungeon.
             The game lasted 00:01:03 (72 turns).

cbfl8 the Sneak (Minotaur Delver)                     Turns: 72, Time: 00:01:03

Health: -2/19      AC:  3    Str: 16    XL:     1   Next: 25%
Magic:  0/0        EV: 11    Int:  7    God:
Gold:   0          SH:  0    Dex: 11    Spells: 0/0 levels left

rFire   . . .      SeeInvis .   a - +0 hand axe
rCold   . . .      Faith    .   (no shield)
rNeg    . . .      Spirit   .   b - +0 leather armour
rPois   .          Reflect  .   (helmet restricted)
rElec   .          Harm     .   (no cloak)
rCorr   .          Rampage  .   (no gloves)
Will    .....                   (no boots)
Stlth   ++........              (no amulet)
HPRegen 0.06/turn               (no ring)
MPRegen 0.07/turn               (no ring)

@: hasted (expiring), very quick
A: horns 2, retaliatory headbutt
a: no special abilities


You were on level 5 of the Dungeon.
You visited 1 branch of the dungeon, and saw 2 of its levels.

Inventory:

Hand Weapons
 a - a +0 hand axe (weapon)
Armour
 b - a +0 leather armour (worn)
Wands
 g - a wand of digging (3)
Scrolls
 c - a scroll of fog
 d - a scroll of magic mapping


   Skills:
 + Level 3.6 Fighting
 + Level 2.4 Axes
 + Level 2.1 Dodging
 + Level 4.2 Stealth


You couldn't memorise any spells.
You didn't know any spells.
Your spell library was empty.

Dungeon Overview and Level Annotations

Branches:
Dungeon (6/15)
 Temple: D:4-7

Altars:


Innate Abilities, Weirdness & Mutations

You have a pair of horns on your head.
You reflexively headbutt those who attack you in melee.


Message History

There is a stone staircase leading down, spattered with blood here.
You see here an orc corpse.
There is a stone staircase leading down, spattered with blood here.
You see here an orc corpse.
You start resting.
A bullfrog skeleton comes into view.
An orc is nearby!
An orc is nearby!
As you open the door, it creaks loudly! 4 orcs come into view.
The orc shouts! x2; You hear a shout! x2; The orc shouts!
The orc shouts!
There is an open door here.
The orc hits you with a +0 hand axe. The orc hits you with a +0 whip.
Okay, then.
As you read the scroll of fear, it crumbles to dust.
You assume a fearsome visage.
The bullfrog skeleton is unaffected.
The orc wizard looks frightened!
The orc wizard shouts!
The orc looks frightened! x6
The orc wizard gestures wildly while chanting.
The orc wizard flickers and vanishes!
Deactivating autopickup; reactivate with Ctrl-A.
You feel yourself speed up.
The bullfrog skeleton closely misses you.
The orc supplicates, "Please!
I have a lot of children!"
Found a robe.
The orc tries to recover its lost courage.
An adder comes into view.
You open the door.
Found 11 gold pieces.
A scorpion comes into view.
There is an open door here.
You barely miss the scorpion. You barely miss the bullfrog skeleton.
The scorpion barely misses you. The bullfrog skeleton hits you.
* * * LOW HITPOINT WARNING * * *
You closely miss the scorpion. You hit the bullfrog skeleton.
Your extra speed is starting to run out.
The scorpion stings you!
You die...

##.# #.... .....
...... # ...$.. ..
......#### ...
......s@.# ....
#+#+#...Z####..S..
.........'........
#.#......#.#######
#......+........
.........#.#######
......####.#
#..... #.# #.....
#.#


You could see a scorpion and a bullfrog skeleton.

Vanquished Creatures
  An orc (D:5)
1 creature vanquished.

Notes
Turn   | Place    | Note
-------+----------+-------------------------------------------
     0 | D:5      | cbfl8 the Minotaur Delver began the quest for the Orb.
     0 | D:5      | Reached XP level 1. HP: 19/19 MP: 0/0
     8 | D:6      | Noticed a black bear
     8 | D:6      | Noticed a kobold brigand
    19 | D:5      | Noticed an orc wizard
    66 | D:5      | Noticed a scorpion
    72 | D:5      | Slain by a scorpion

Illustrated notes

Levels and vault maps discovered:
D:5:      layout_basic
D:6:      layout_basic, minmay_temple_entry_statues,
          nicolae_ossuary_entry_catacombs, serial_shops, nicolae_diamond_shop,
          shop, nicolae_shop_statue_plus, shop,
          nicolae_shop_bloodbath_and_beyond

Action                   || total
-------------------------++-------
Melee: Hand axe          ||     6
  Use: Scroll            ||     1
       Potion            ||     1
Dodge: Dodged            ||     3
